 Dungeon Crawl Stone Soup version 0.17.0-24-gcfadda4 (webtiles) character file.

1000 Ordine the Transmogrifier (level 8, -1/59 HPs)
             Began as a Pale Draconian Transmuter on Nov 15, 2015.
             Succumbed to poison (a potion of poison)
             ... on level 5 of the Dungeon.
             The game lasted 00:16:06 (6196 turns).

Ordine the Transmogrifier (DrTm)                    Turns: 6196, Time: 00:16:07

Health: -1/59      AC:  8    Str: 16    XL:     8   Next: 0%
Magic:  9/11       EV: 17    Int: 16    God:
Gold:   180        SH:  0    Dex: 16    Spells: 3 memorised, 2 levels left

rFire  . . .     SeeInvis .       - Unarmed
rCold  . . .     Clarity  .     (armour unavailable)
rNeg   . . .     SustAt   .     (no shield)
rPois  .         Gourm    .     (helmet restricted)
rElec  .         Spirit   .     t - +0 cloak
rCorr  .         Warding  .     k - +0 pair of gloves
rMut   .         Stasis   .     (no boots)
MR     .....                    (no amulet)
Stlth  ++........               w - ring of wizardry
                                h - +3 ring of strength

@: agile, lethally poisoned (-1 -> -55), flying, very slightly contaminated,
hasted, very quick, not resistant to hostile enchantments, unstealthy
A: breathe steam, unfitting armour, mutation resistance 1, cold-blooded, AC +6
a: Breathe Steam


You were on level 5 of the Dungeon.
You were very hungry.

You visited 1 branch of the dungeon, and saw 5 of its levels.

You collected 180 gold pieces.

Inventory:

Missiles
 a - 12 arrows
Armour
 k - a +0 pair of gloves (worn)
 q - a +0 buckler
 t - a +0 cloak (worn)
Jewellery
 f - an uncursed ring of ice
 h - a +3 ring of strength (left hand)
 w - a ring of wizardry (right hand)
Scrolls
 d - 2 scrolls of remove curse
Books
 b - a book of Changes

   Spells                             Type                      Level
   a - Beastly Appendage              Transmutation                1
   b - Sticks to Snakes               Transmutation                2
   c - Spider Form                    Transmutation/Poison         3
   d - Ice Form                       Ice/Transmutation            4
   e - Blade Hands                    Transmutation                5
Comestibles
 c - 4 bread rations
 g - 2 beef jerkies
 n - a slice of pizza
 p - 2 meat rations
 v - 2 fruits


   Skills:
 - Level 1.1 Fighting
 - Level 1.7 Dodging
 + Level 4.0 Unarmed Combat
 * Level 2.0 Spellcasting
 + Level 9.0 Transmutations


You had 2 spell levels left.
You knew the following spells:

 Your Spells              Type           Power        Failure   Level  Hunger
a - Beastly Appendage     Trmt           ####..       1%          1    #......
b - Spider Form           Trmt/Pois      ###.......   4%          3    ###....
c - Blade Hands           Trmt           ####......   6%          5    ######.


Dungeon Overview and Level Annotations

Branches:
Dungeon (5/15)
 Temple: D:4-7

Altars:


Innate Abilities, Weirdness & Mutations

You can breathe blasts of scalding, opaque steam.
Your pale cyan-grey scales are hard (AC +6).
Your body does not fit into most forms of armour.
You are cold-blooded and may be slowed by cold attacks.
You are somewhat resistant to further mutation.


Message History

Blink to where?
Press: ? - help, Dir - move target cursor
As you read the scroll of blinking, it crumbles to dust.
* * * LOW HITPOINT WARNING * * *
You feel very sick.
Drink which item? (? for menu, Esc to quit)
You feel as though your hastened speed will last longer.
* * * LOW HITPOINT WARNING * * *
You feel very sick.
Drink which item? (? for menu, Esc to quit)
You feel agile all of a sudden.
* * * LOW HITPOINT WARNING * * *
You feel sick.
Unknown command.
You can't do that in your present form.
You can't do that in your present form.
Your transformation has ended.
Your +0 cloak unmelds from your body.
Your +0 pair of gloves unmelds from your body.
You die...

,***###....,..# ##...#####..
,,,,.......*#.# #<.........#
,*,,,*#....##.### ##...#######
*,,,,,*,#.a.a...# ##.##
**,,,**,#####.#.#### #.#
***,**#.#####.S....# #.# * *,*
#.......#.##.# ##.## * *,*
#######.#.##.# ##.#.## ***+**
#.#.@#.###.###.## **,,,**
#.##.#.##.## ##.# *,,,,,**
#p##.#.###.###.## ,,,,,,,**
##.##.#.# ##.#.#.## #
,,,,,,,,***#.......#####.#...####
,,,,,,,,'..........?............'
,,,,,,,,*###...#.#######.#...####
,,,,,,,** ##.##.# #.##.## #
*,,,,,** ##*#.# #.######


You could see a water moccasin and a worker ant.

Vanquished Creatures
  Pikel (D:5)
  A slave (D:5)
  A phantom (D:5)
  2 scorpions (D:4)
  A hound (D:5)
  A worker ant (D:4)
  A centaur skeleton (D:5)
  An orc wizard (D:4)
  A hound skeleton (D:3)
  Robin (D:2)
  5 adders
  7 gnolls
  2 worms (D:2)
  19 orcs
  A ball python (D:4)
  4 bats
  3 giant cockroaches
  8 hobgoblins
  A jackal (D:2)
  2 kobolds (D:1)
  2 giant geckos (D:1)
  2 giant newts
  17 goblins
  6 rats
90 creatures vanquished.

Notes
Turn   | Place    | Note
--------------------------------------------------------------
     0 | D:1      | Ordine the Draconian Transmuter began the quest for the Orb.
     0 | D:1      | Reached XP level 1. HP: 16/16 MP: 3/3
   725 | D:1      | Reached XP level 2. HP: 23/23 MP: 5/5
  2073 | D:2      | Reached XP level 3. HP: 26/28 MP: 6/6
  2275 | D:3      | Noticed Robin
  2485 | D:2      | Reached skill level 4 in Transmutations
  2792 | D:2      | Killed Robin
  3130 | D:3      | Learned a level 3 spell: Spider Form
  3156 | D:3      | Reached XP level 4. HP: 35/35 MP: 7/7
  3589 | D:3      | Reached skill level 5 in Transmutations
  3680 | D:2      | Reached XP level 5. HP: 18/40 MP: 8/8
  4683 | D:4      | Reached XP level 6. HP: 39/47 MP: 5/9
  4810 | D:4      | Reached skill level 6 in Transmutations
  4957 | D:4      | Learned a level 5 spell: Blade Hands
  5662 | D:5      | Entered Level 5 of the Dungeon
  5740 | D:5      | Noticed Pikel
  5756 | D:5      | Killed Pikel
  5756 | D:5      | Reached skill level 8 in Transmutations
  5756 | D:5      | Your scales start taking on a pale cyan-grey colour.
  5756 | D:5      | Reached XP level 7. HP: 38/52 MP: 7/10
  5982 | D:5      | Reached skill level 9 in Transmutations
  5982 | D:5      | Reached XP level 8. HP: 28/59 MP: 8/11
  6182 | D:5      | Noticed a water moccasin
  6191 | D:5      | Gained mutation: You are somewhat resistant to further mutation. [potion of beneficial mutation]
  6195 | D:5      | HP: 2/59 [poison (a potion of poison)]
  6196 | D:5      | Succumbed to poison (a potion of poison)

Action                   |  1- 3 |  4- 6 |  7- 9 || total
-------------------------+-------+-------+-------++-------
Melee: Unarmed           |   171 |   181 |    42 ||   394
 Cast: Beastly Appendage |     9 |     9 |       ||    18
       Spider Form       |       |    12 |     3 ||    15
 Abil: End Transformatio |       |       |     1 ||     1
  Use: Scroll            |     5 |     3 |     3 ||    11
       Potion            |     1 |     2 |     6 ||     9
 Stab: Sleeping          |     1 |       |       ||     1
  Eat: Chunk             |     7 |    10 |     1 ||    18
